 Dungeon Crawl Stone Soup version 0.27-a0-1378-gdefffd1ff6 (webtiles) character file.

Game seed: 6157777652000048690

267 Kold the Shooter (level 6, -12/37 HPs)
             Began as a Tengu Hunter on June 29, 2021.
             Was a Follower of Okawaru.
             Mangled by an ogre (28 damage)
             ... on level 4 of the Dungeon.
             The game lasted 00:06:28 (3902 turns).

Kold the Shooter (Tengu Hunter)                     Turns: 3902, Time: 00:06:28

Health: -12/37     AC:  3    Str: 12    XL:     6   Next: 21%
Magic:  7/7        EV: 15    Int: 11    God:    Okawaru [*.....]
Gold:   91         SH:  0    Dex: 17    Spells: 5/5 levels left

rFire    . . .     SeeInvis .   a - +2 shortbow
rCold    . . .     Faith    .   (shield currently unavailable)
rNeg     . . .     Spirit   .   c - +0 leather armour
rPois    .         Reflect  .   (helmet restricted)
rElec    .         Harm     .   (no cloak)
rCorr    .         Rampage  .   (no gloves)
Will     .....                  (boots unavailable)
Stlth    ++........             (no amulet)
HPRegen  0.12/turn              (no ring)
MPRegen  0.10/turn              (no ring)

@: flying quickly and evasively, quick
A: beak, talons 3, nimble flight
a: Renounce Religion, Heroism


You were on level 4 of the Dungeon.
You worshipped Okawaru.
Okawaru was aware of your devotion.
You visited 1 branch of the dungeon, and saw 4 of its levels.

You collected 91 gold pieces.

Inventory:

Hand Weapons
 a - a +2 shortbow (weapon)
 l - a +1 short sword of protection
Missiles
 d - 21 arrows (quivered ammo)
Armour
 c - a +0 leather armour (worn)
 m - a +0 buckler
Jewellery
 f - the ring of Cekiwik {Will+ MP+9 AC+4 Int-3}
   (You acquired it on level 2 of the Dungeon)

   [ring of protection]

   AC:        It affects your AC (+4).
   Int:       It affects your intelligence (-3).
   MP:        It affects your magic capacity (+9).
   Will:      It increases your willpower.
Scrolls
 g - 2 scrolls of identify {unknown}
 h - a scroll of enchant weapon
 o - a scroll of blinking {unknown}
 q - a scroll of enchant armour {unknown}
Potions
 b - 3 potions of mutation {unknown}
 e - 2 potions of attraction {unknown}
 i - 2 potions of ambrosia {unknown}
 j - a potion of curing {unknown}
 k - 2 potions of flight
 n - a potion of heal wounds
 p - a potion of degeneration {unknown}


   Skills:
 + Level 3.4 Fighting
 * Level 6.3 Bows
 - Level 3.0 Dodging
 - Level 3.0 Stealth


You had 5 spell levels left.
You didn't know any spells.
Your spell library was empty.

Dungeon Overview and Level Annotations

Branches:
Dungeon (4/15)
 Temple: D:4-7

Altars:
Nemelex Xobeh
Okawaru
Yredelemnul
The Shining One

Annotations:
D:2 Sigmund


Innate Abilities, Weirdness & Mutations

You have a beak for a mouth.
You have claws for feet.
Your magical nature lets you fly swiftly and evasively.


Message History

You shoot an arrow. The arrow closely misses the phantom.
The phantom hits you!
You are too injured to fight recklessly!
You are too injured to fight recklessly!
Fire: 26 arrows
Press: ? - help, Q - select action, (/) - cycle Shift-Dir - straight line, f/p - phantom
Aim: a phantom (moderately damaged, 57% to hit)
You shoot an arrow. The arrow misses the phantom.
The phantom closely misses you.
Fire: 25 arrows
Press: ? - help, Q - select action, (/) - cycle Shift-Dir - straight line, f/p - phantom
Aim: a phantom (moderately damaged, 57% to hit)
You shoot an arrow. The arrow hits the phantom!
The phantom is heavily damaged.
The phantom hits you.
The phantom blinks!
You blink.
An ice beast comes into view.
As you read the scroll of teleportation, it crumbles to dust.
You feel strangely unstable. The phantom barely misses you.
The phantom misses you.
Your surroundings suddenly seem different.
Fire: 24 arrows
Press: ? - help, Q - select action, (/) - cycle Shift-Dir - straight line, f - ogre
Aim: an ogre, wielding a +0 giant club (wandering, hasn't noticed you, 79% to hit)
You shoot an arrow. The ogre shouts!
The arrow hits the ogre!
The ogre is moderately wounded.
Fire: 23 arrows
Press: ? - help, Q - select action, (/) - cycle Shift-Dir - straight line, f/p - ogre
Aim: an ogre, wielding a +0 giant club (moderately wounded, 79% to hit)
You shoot an arrow. The arrow hits the ogre.
The ogre is heavily wounded.
The ogre misses you.
Fire: 22 arrows
Press: ? - help, Q - select action, (/) - cycle Shift-Dir - straight line, f/p - ogre
Aim: an ogre, wielding a +0 giant club (heavily wounded, 79% to hit)
You shoot an arrow. The arrow hits the ogre!
The ogre is almost dead.
The ogre hits you with a +0 giant club!!
Ouch! That really hurt!
You die...

#............. #....#
#....รท........ #....#
#............. #....#
##'#.......... #....#
#.#.#########
#....####.#..........
#.....(.#.#..###.....
#....O..'............
#...@...#.##.........
#......<#.##.........
#..........##.........
#.....#######.........
#.....................
#.#'########..........
#.#.#.....##....).....
# #.#.###.......>.....
#.# #####.........


You could see an ogre.

Vanquished Creatures
  A scorpion (D:4)
  A hound (D:4)
  2 iguanas (D:4)
  Robin (D:2)
  4 adders
  An ufetubus (D:4)
  A dart slug (D:1)
  4 orcs
  4 endoplasms
  2 giant cockroaches
  15 goblins
  7 hobgoblins
  4 kobolds
  2 quokkas (D:3)
  5 ball pythons
  6 bats
  4 frilled lizards
  5 rats
69 creatures vanquished.

Notes
Turn   | Place    | Note
-------+----------+-------------------------------------------
     0 | D:1      | Kold the Tengu Hunter began the quest for the Orb.
     0 | D:1      | Reached XP level 1. HP: 12/12 MP: 2/2
    75 | D:1      | Reached XP level 2. HP: 17/17 MP: 3/3
   623 | D:1      | Reached XP level 3. HP: 11/22 MP: 4/4
  1185 | D:2      | Noticed Robin
  1561 | D:2      | Killed Robin
  1921 | D:2      | Reached skill level 5 in Bows
  1943 | D:2      | Reached XP level 4. HP: 27/27 MP: 5/5
  2002 | D:2      | Found a faded altar of an unknown god.
  2015 | D:2      | Noticed Sigmund
  2025 | D:2      | Identified a scroll of acquirement
  2025 | D:2      | Acquired the ring of Cekiwik {Will+ MP+9 AC+4 Int-3}
  2219 | D:3      | Found an iron altar of Okawaru.
  2229 | D:3      | Became a worshipper of Warmaster Okawaru
  2530 | D:3      | Found a sparkling altar of Nemelex Xobeh.
  2777 | D:3      | Found a basalt altar of Yredelemnul.
  2789 | D:3      | Found a glowing golden altar of the Shining One.
  2791 | D:3      | Noticed an angel
  2955 | D:4      | Gained mutation: Your magical nature lets you fly swiftly
                  | and evasively. [Tengu growth]
  2955 | D:4      | Reached XP level 5. HP: 32/32 MP: 6/6
  2994 | D:4      | Noticed a phantom
  3019 | D:4      | Noticed an ogre
  3281 | D:4      | Reached skill level 6 in Bows
  3489 | D:4      | Reached XP level 6. HP: 37/37 MP: 7/7
  3525 | D:4      | Reached * piety under Okawaru
  3893 | D:4      | Noticed an ice beast
  3902 | D:4      | Mangled by an ogre

Illustrated notes

Levels and vault maps discovered:
D:1:      co_arrival_random_square_maze, layout_basic, minmay_misc_feat_roman
D:2:      layout_basic, ebering_ecumenical_altar_sacrificial, uniq_sigmund,
          uniq_robin
D:3:      layout_loops_ring, kennysheep_okawaru_gauntlet,
          grunt_temple_overflow_holy_war, amcnicky_altar_gilded,
          minmay_misc_feat_cross, corexii_corridor_pit
D:4:      layout_basic

Skill      XL: |  1  2  3  4  5 |
---------------+----------------+-----
Bows           | 5 6 |  6.3
Stealth        | 2 3 |  3.0
Dodging        | 3 |  3.0
Fighting       | 3 |  3.4

Action                   |  1- 3 |  4- 6 || total
-------------------------+-------+-------++-------
Melee: Unarmed           |       |     3 ||     3
 Fire: Shortbow          |   109 |   118 ||   227
  Use: Potion            |     3 |       ||     3
       Scroll            |       |     5 ||     5
Armor: Leather armour    |     9 |     6 ||    15
Dodge: Dodged            |    57 |    34 ||    91

Table legend: (Time is in decaauts)
 A = Elapsed time spent in this place.
 B = Non-inter-level travel time spent in this place.
 C = Inter-level travel time spent in this place.
 D = Time resting spent in this place.
 E = Time spent auto-exploring this place.
 F = Levels seen in this place.
 G = Mean time per level.
                   A        B        C        D        E       F      G
               +--------+--------+--------+--------+--------+-----+--------+
         Total |   3854 |   3626 |    228 |    943 |   2030 |   4 |  963.5 |
       Dungeon |   3854 |   3626 |    228 |    943 |   2030 |   4 |  963.5 |
               +--------+--------+--------+--------+--------+-----+--------+

Top non-repeatable levels by time:
     D:1: 1426 daAuts
     D:3: 1105 daAuts
     D:2: 742 daAuts
     D:4: 579 daAuts
